 Seeded DCSS version 0.29.1-15-g9cfb28693d (webtiles) character file.

Game seed: 16245865983455551772 (custom seed)

4 Atreus the Shooter (level 1, 18/18 HPs)
             Began as a Minotaur Hunter on Mar 6, 2023.
             Quit the game on level 1 of the Dungeon.
             The game lasted 00:00:53 (314 turns).

Atreus the Shooter (Minotaur Hunter)                 Turns: 314, Time: 00:00:54

Health: 18/18      AC:  3    Str: 15    XL:     1   Next: 50%
Magic:  0/0        EV: 12    Int:  6    God:
Gold:   1046       SH:  0    Dex: 13    Spells: 0/0 levels left

rFire   . . .      SeeInvis .   a - +0 shortbow
rCold   . . .      Faith    .   (shield currently unavailable)
rNeg    . . .      Spirit   .   c - +0 leather armour
rPois   .          Reflect  .   (helmet restricted)
rElec   .          Harm     .   (no cloak)
rCorr   .          Rampage  .   (no gloves)
Will    .....                   (no boots)
Stlth   +.........              (no amulet)
HPRegen 0.06/turn               (no ring)
MPRegen 0.07/turn               (no ring)

@: no status effects
A: horns 2, retaliatory headbutt
a: no special abilities


You were on level 1 of the Dungeon.
You visited 1 branch of the dungeon, and saw 1 of its levels.

You collected 1046 gold pieces.

Inventory:

Hand Weapons
 a - a +0 shortbow (weapon)
 e - the +9 longbow "Ogecef" {vorpal, *Slow +Blink rF+}
   (You acquired it on level 1 of the Dungeon)

   Any ammunition fired from it inflicts extra damage upon your enemies.
   rF:        It protects you from fire.
   +Blink:    It lets you blink.
   *Slow:     It may slow you when you take damage.
Armour
 c - a +0 leather armour (worn)
Scrolls
 d - a scroll of acquirement


   Skills:
 + Level 2.4 Fighting
 + Level 4.6 Ranged Weapons
 + Level 2.1 Dodging
 + Level 0.7 Stealth


You couldn't memorise any spells.
You didn't know any spells.
Your spell library was empty.

Dungeon Overview and Level Annotations

Branches:
Dungeon (1/15)

Altars:


Innate Abilities, Weirdness & Mutations

You have a pair of horns on your head.
You reflexively headbutt those who attack you in melee.


Message History

The goblin is moderately wounded.
The goblin closely misses you. You furiously retaliate!
You headbutt the goblin!
You kill the goblin!
Fire: a) +0 shortbow
Press: ? - help, Q - select action Shift-Dir - straight line, f - quokka
Aim: a quokka (50% to hit)
You shoot an arrow. The arrow completely misses the quokka.
The quokka bites you. The quokka misses you.
Fire: a) +0 shortbow
Press: ? - help, Q - select action Shift-Dir - straight line, f/p - quokka
Aim: a quokka (50% to hit)
You shoot an arrow. The arrow closely misses the quokka.
The quokka bites you.
Unknown command.
Fire: a) +0 shortbow
Press: ? - help, Q - select action Shift-Dir - straight line, f/p - quokka
Aim: a quokka (50% to hit)
You shoot an arrow. The arrow closely misses the quokka.
The quokka barely misses you. You furiously retaliate!
You headbutt the quokka.
You kill the quokka!
You start resting.
HP restored.
You start waiting.
Done waiting.
d - 3 scrolls labelled WAC GOIFOFITOUPLEC
There are no items here.
This is a scroll of acquirement!
Something appears at your feet!
e - the +9 longbow "Ogecef" {vorpal, *Slow +Blink rF+} Really read the scroll of immolation?
You can't even see any enemies this would affect. [Y]es or [N]o only, please.
Really read the scroll of immolation?
You can't even see any enemies this would affect.
Okay, then.
Something appears at your feet!
You now have 1046 gold pieces.
Really read the scroll of immolation?
You can't even see any enemies this would affect.
As you read the scroll of immolation, it crumbles to dust.
The air around you briefly surges with heat, but it dissipates.
Are you sure you want to abandon this character and quit the game? (Confirm with "yes".)

# .# #.#
######..###
#.@........
.......#..#.....
#.##...#..# ...
#...###.## #
#... #..# ...#
#..# ##.## ....
#..#.. #..#
....#
#.##r..##.##
....# #....
#).#.....#


There were no monsters in sight!

Vanquished Creatures
  An endoplasm (D:1)
  A goblin (D:1)
  A quokka (D:1)
3 creatures vanquished.

Notes
Turn   | Place    | Note
-------+----------+-------------------------------------------
     0 | D:1      | Atreus the Minotaur Hunter began the quest for the Orb.
     0 | D:1      | Reached XP level 1. HP: 18/18 MP: 0/0
   309 | D:1      | Identified 3 scrolls of acquirement
   309 | D:1      | Acquired the +9 longbow "Ogecef" {vorpal, *Slow +Blink rF+}
   311 | D:1      | Acquired 1046 gold pieces
   314 | D:1      | Quit the game

Illustrated notes

Levels and vault maps discovered:
D:1:      minmay_arrival_hallway, layout_loops_corners, basic_ecumenical_altar,
          minmay_unequal

Action                   || total
-------------------------++-------
 Fire: Shortbow          ||     9
  Use: Scroll            ||     3
Armor: Leather armour    ||     1
Dodge: Dodged            ||     4
